 Dungeon Crawl Stone Soup version 0.32-a0-791-gfc315c9ecd (webtiles) character file.

Game seed: 14072714102755339466

313372 lotum the Demon Slayer (level 20, -9/174 (180) HPs)
             Began as a Mountain Dwarf Warper on Mar 20, 2024.
             Was a High Priest of the Shining One.
             Mangled by a +5 dire flail of draining (35 damage)
             ... animated by Zenata
             ... on level 1 of the Vaults.
             The game lasted 02:05:23 (59840 turns).

lotum the Demon Slayer (Mountain Dwarf Warper)     Turns: 59840, Time: 02:05:24

HP:   -9/174 (180)  AC: 52    Str: 21    XL:     20   Next: 46%
MP:   34/34         EV:  6    Int: 16    God:    the Shining One [*****.]
Gold: 820           SH: 22    Dex:  9    Spells: 10/29 levels left

rFire   + . .        K - +2 eveningstar (protect)
rCold   + . .        D - +5 kite shield {reflect}
rNeg    + + .        V - +9 scales of the Dragon King {rPois rF+ rC+ Will+}
rPois   +            E - +2 helmet
rElec   .            R - +2 cloak
rCorr   .            Q - +2 pair of gloves
SInv    .            h - +2 pair of boots
Will    ++++.        i - amulet of reflection Stlth
                     k - +4 ring of protection
HPRegen 0.49/turn    S - ring of willpower
MPRegen 0.24/turn

%: reflection
@: about to teleport, marked, glowing, studying Axes, lightly drained
A: runic magic, artefact enchanting, devolution 1
}: 2/15 runes: decaying, gossamer
a: Renounce Religion, Divine Shield, Cleansing Flame, Summon Divine Warrior


You were on level 1 of the Vaults.
You worshipped the Shining One.
The Shining One was extremely pleased with you.
You visited 8 branches of the dungeon, and saw 35 of its levels.
You also visited: Desolation.

You collected 4271 gold pieces.
You spent 3451 gold pieces at shops.

Inventory:

Hand Weapons
 K - a +2 eveningstar of protection (weapon)
Missiles
 a - 4 curare-tipped darts
 d - 7 darts of dispersal
 l - 6 atropa-tipped darts
 n - 2 throwing nets
 X - 11 javelins
Armour
 h - a +2 pair of boots (worn)
 D - a +5 kite shield of reflection (worn)
 E - a +2 helmet (worn)
 J - a scarf of resistance
 Q - a +2 pair of gloves (worn)
 R - a +2 cloak (worn)
 V - the +9 scales of the Dragon King (worn) {rPois rF+ rC+ Will+}
   (You bought it in a shop on level 2 of the Orcish Mines)

   rF+:       It protects you from fire.
   rC+:       It protects you from cold.
   rPois:     It protects you from poison.
   Will+:     It increases your willpower.
Jewellery
 g - a ring of poison resistance
 i - an amulet of reflection (around neck)
 k - a +4 ring of protection (left hand)
 q - a ring of ice
 v - a ring of positive energy
 y - a ring of resist corrosion
 H - a +6 ring of strength
 N - a ring of see invisible
 S - a ring of willpower (right hand)
 Y - a ring of protection from cold
Wands
 b - a wand of flame (35) (quivered)
 r - a wand of quicksilver (28)
 I - a wand of roots (14)
 L - a wand of polymorph (19)
 O - a wand of charming (28)
 T - a wand of digging (13)
Scrolls
 e - a scroll of summoning {unknown}
 m - 9 scrolls of enchant weapon
 o - 15 scrolls of teleportation
 s - 11 scrolls of identify
 t - 9 scrolls of fog
 u - 3 scrolls of fear
 z - 3 scrolls of poison
 A - 7 scrolls of noise
 G - 8 scrolls of immolation
 M - 3 scrolls of brand weapon
 Z - a scroll of blinking
Potions
 c - a potion of resistance
 f - 7 potions of ambrosia
 j - 9 potions of curing
 p - 3 potions of might
 w - 2 potions of cancellation
 x - 6 potions of brilliance
 B - 5 potions of attraction
 C - 5 potions of mutation
 F - 5 potions of lignification
 P - 2 potions of enlightenment
 U - 2 potions of berserk rage
 W - 3 potions of heal wounds


   Skills:
 - Level 16.0 Fighting
 + Level 18.0 Maces & Flails
 - Level 0.7 Throwing
 - Level 21.0 Armour
 - Level 9.0 Dodging
 - Level 15.0 Shields
 - Level 5.0 Spellcasting
 - Level 11.0 Translocations
 - Level 21.0 Invocations


You had 10 spell levels left.
You knew the following spells:

 Your Spells              Type           Power      Damage    Failure   Level
a - Blink                 Tloc           78%        N/A       1%          2
b - Manifold Assault      Tloc           39%        N/A       5%          4
c - Lesser Beckoning      Tloc           78%        N/A       1%          2
d - Passage of Golubria   Tloc           39%        N/A       5%          4
e - Gell's Gravitas       Tloc           39%        N/A       1%          3
f - Apportation           Tloc           78%        N/A       1%          1
g - Teleport Other        Tloc           39%        N/A       1%          3

Your spell library contained the following spells:

 Spells                   Type           Power      Damage    Failure   Level
 Foxfire                  Conj/Fire      16%        2x1d4     45%         1
 Kiss of Death            Conj/Necr      16%        2d6       45%         1
 Magic Dart               Conj           16%        1d3       45%         1
 Shock                    Conj/Air       16%        1d4       45%         1
 Dimensional Bullseye     Hex/Tloc       10%        N/A       45%         4
 Iskenderun's Mystic Bla  Conj/Tloc      21%        2d6       45%         4
 Vhi's Electric Charge    Tloc/Air       42%        N/A       45%         4
 Call Imp                 Summ           8%         N/A       58%         2
 Ensorcelled Hibernation  Hex/Ice        8%         N/A       58%         2
 Jinxbite                 Hex            8%         N/A       58%         2
 Searing Ray              Conj           8%         2d4       58%         2
 Sublimation of Blood     Necr           4%         N/A       58%         2
 Dispersal                Tloc           19%        N/A       63%         6
 Summon Forest            Summ/Tloc      10%        N/A       82%         5
 Confusing Touch          Hex            4%         N/A       83%         3
 Dazzling Flash           Conj/Hex       8%         N/A       83%         3
 Fugue of the Fallen      Necr           4%         N/A       83%         3
 Inner Flame              Hex/Fire       4%         N/A       83%         3
 Passwall                 Erth           4%         N/A       83%         3
 Stone Arrow              Conj/Erth      8%         3d7       83%         3
 Summon Ice Beast         Ice/Summ       4%         N/A       83%         3
 Swiftness                Air            4%         N/A       83%         3
 Tukima's Dance           Hex            4%         N/A       83%         3
 Airstrike                Air            2%         2d(1-17)  99%         4
 Cause Fear               Hex            2%         N/A       99%         4
 Dispel Undead            Necr           4%         3d7       99%         4
 Fulminant Prism          Conj/Alch      2%         3d5       99%         4
 Ignite Poison            Fire/Alch      4%         N/A       99%         4
 Leda's Liquefaction      Alch/Erth      2%         N/A       99%         4
 Olgreb's Toxic Radiance  Alch           4%         N/A       99%         4
 Petrify                  Alch/Erth      4%         N/A       99%         4
 Alistair's Intoxication  Alch           2%         N/A       100%        5
 Fireball                 Conj/Fire      2%         3d4       100%        5
 Irradiate                Conj/Alch      2%         3d12      100%        5
 Lee's Rapid Deconstruct  Erth           2%         3d4*      100%        5
 Metabolic Englaciation   Hex/Ice        2%         N/A       100%        5
 Silence                  Hex/Air        2%         N/A       100%        5
 Eringya's Noxious Bog    Alch           2%         4d6       100%        6
 Starburst                Conj/Fire      2%         6d3       100%        6
 Summon Cactus Giant      Summ           2%         N/A       100%        6
 Malign Gateway           Summ/Tloc      10%        N/A       100%        7
 Ozocubu's Refrigeration  Ice            2%         4d7       100%        7
 Spellforged Servitor     Conj/Summ      2%         N/A       100%        7
 Summon Hydra             Summ           2%         N/A       100%        7
 Discord                  Hex            2%         N/A       100%        8
 Disjunction              Tloc           19%        N/A       100%        8
 Infestation              Necr           2%         N/A       100%        8
 Lehudib's Crystal Spear  Conj/Erth      2%         10d2      100%        8
 Maxwell's Capacitive Co  Air            2%         ∞         100%        8
 Summon Horrible Things   Summ           2%         N/A       100%        8
 Dragon's Call            Summ           2%         N/A       100%        9


Dungeon Overview and Level Annotations

Branches:
Dungeon (15/15)            Temple (1/1) D:7            Lair (5/5) D:8
  Swamp (4/4) Lair:3       Spider (4/4) Lair:2        Slime (0/5) Lair:5
    Orc (2/2) D:10            Elf (3/3) Orc:2        Vaults (1/5) D:13
 Depths (0/4) D:15        Desolation (visited)

Altars:
Ashenzari
Cheibriados
Dithmenos
Elyvilon
Fedhas
Gozag
Hepliaklqana
Kikubaaqudgha
Makhleb
Nemelex Xobeh
Okawaru
Qazlal
Ru
Sif Muna
Trog
Uskayaw
Vehumet
Wu Jian
Xom
Yredelemnul
Zin
The Shining One
Beogh
Lugonu

Shops:
D:2 ?   D:5 (   D:8 =:=![   D:10 (   D:12 *   Orc:2 *([[(   Elf:2 [

Portals:
Abyss: Lair:5 Swamp:4
Trove: D:11 (show slimy rune of Zot)

Annotations:
D:9 exclusion: ice statue
Swamp:4 2 transporters, Okkeon's ghost, adept MfBe
Vaults:1 Boris; Zenata


Innate Abilities, Weirdness & Mutations

Your spellcasting is much less encumbered by armour.
You can use scrolls of enchantment on lesser artefacts.
You have hidden genetic defects.


Message History

The ironbound convoker is lightly wounded.
You block the +1 long sword of electrocution's attack.
The +4 vampiric halberd hits you but does no damage.
You block the +5 dire flail of draining's attack.
You block the +1 long sword of electrocution's attack.
The +4 vampiric halberd hits you but does no damage.
You bludgeon the +1 long sword of electrocution!!
The +1 long sword of electrocution is severely damaged.
The +5 dire flail of draining hits you but does no damage.
You partially resist.
The +1 long sword of electrocution hits you but does no damage.
The +4 vampiric halberd hits you but does no damage.
The +5 dire flail of draining hits you. You partially resist.
The ironbound convoker hits you but does no damage.
You block the +1 long sword of electrocution's attack.
You block the +4 vampiric halberd's attack.
You barely miss the ironbound convoker.
The ironbound convoker is lightly wounded.
The +5 dire flail of draining hits you! You partially resist.
You feel drained.
The +1 long sword of electrocution hits you but does no damage.
You are electrocuted!!
You block the +4 vampiric halberd's attack.
The +5 dire flail of draining hits you!!
* * * LOW HITPOINT WARNING * * *
You partially resist.
You feel drained.
* * * LOW HITPOINT WARNING * * *
The ironbound convoker barely misses you.
The +1 long sword of electrocution hits you but does no damage.
You are electrocuted!
* * * LOW HITPOINT WARNING * * *
Blink to where?
Press: ? - help, Dir - move target
As you read the scroll of blinking, it crumbles to dust.
As you read the scroll of teleportation, it crumbles to dust.
You feel strangely unstable.
Zenata sends weapons flying into battle!
The +5 dire flail of draining hits you but does no damage.
You partially resist.
The +5 dire flail of draining hits you!!
You die...

####### ###a######## #..#..#
#..p.....# #..#..#######
#........# ......#.....#
#........#
.##.###.#...########........#
......#.#...#......(........#
#..#..#.....#.....('........#
#..#..'.##..#....(.'........#
#######.#...#...@..#######'##
#.....#......# ...
#.....'......# ..
#.....######## #.#..)# ..
#..##.# ... #..#..# ...# #
#.....# ####### ######'# #
#...#.####.....####......#


You could see an ironbound convoker and 3 dancing weapons.

Vanquished Creatures
  Jorgrun (Spider:2)
  Mlioglotl (Spider:3)
  4 deep elf master archers (Elf:3)
  A deep elf blademaster (Elf:2)
  Agnes (D:14)
  Frances (Swamp:2)
  A tengu reaver (Vaults:1)
  Aizul (Vaults:1)
  Donald (Swamp:4)
  The ghost of Hehag the Marksminotaur, a journeyman MiBe of Trog (D:15)
  2 vault wardens (Vaults:1)
  5 emperor scorpions
  Louise (Elf:1)
  4 deep elf sorcerers (Elf:3)
  An orc warlord (Orc:2)
  4 ghost moths (Spider:4)
  7 ironbound preservers (Vaults:1)
  A broodmother (Spider:1)
  A formless jellyfish (Vaults:1)
  A very ugly thing (Vaults:1)
  7 eleionomae
  3 deep elf demonologists (Elf:3)
  A deep elf death mage (Elf:3)
  6 deep elf annihilators
  A bunyip (Swamp:1)
  Azrael (D:14)
  2 dire elephants (Vaults:1)
  3 spark wasps (Spider:4)
  An ettin (Orc:2)
  Snorg (Orc:1)
  A deep elf high priest (Elf:1)
  A yaktaur captain (Vaults:1)
  3 servants of whispers
  4 entropy weavers
  A shambling mangrove (Swamp:4)
  2 ice dragons (D:15)
  12 hydras
  A great orb of eyes (Vaults:1)
  2 vault guards (Vaults:1)
  3 peacekeepers (Desolation)
  2 ghost crabs
  7 alligators
  6 ironbound frosthearts (Vaults:1)
  A death knight (D:15)
  2 ogre magi
  A catoblepas (Lair:2)
  4 jorogumos
  13 centaur warriors
  2 radroaches (Spider:3)
  24 dancing weapons
  2 two-headed ogres
  2 tengu warriors (D:15)
  Urug (Orc:1)
  7 demonic crawlers
  2 thrashing horrors (Lair:5)
  2 spriggan berserkers (Swamp:4)
  7 boulder beetles
  An occultist (D:15)
  11 death yaks (Lair:4)
  14 deep elf knights
  Sonja (Lair:3)
  A skyshark (Lair:4)
  3 skeletal warriors (D:14)
  Nergalle (Lair:1)
  2 fire crabs (Vaults:1)
  4 goliath frogs
  6 pharaoh ants
  3 arcanists (Vaults:1)
  3 sun moths
  8 orb spiders
  3 large abominations (Lair:5)
  3 swamp dragons
  9 steelbarb worms
  A spriggan druid (Swamp:3)
  26 deep trolls (Vaults:1)
  14 deep elf archers
  2 glowing orange brains (Vaults:1)
  An orange crystal statue (Elf:2)
  A lindwurm (Vaults:1)
  2 orc knights (Orc:2)
  3 ironbound convokers (Vaults:1)
  A necromancer (D:15)
  4 thermic dynamos (Elf:1)
  23 deep elf zephyrmancers
  10 bog bodies
  22 wolf spiders
  28 deep elf pyromancers
  A manticore (D:12)
  22 ugly things
  An orc sorcerer (Orc:2)
  4 will-o-the-wisps
  3 worldbinders (Vaults:1)
  7 cyclopes
  8 black mambas
  2 vault sentinels (Vaults:1)
  3 meliai (Spider:4)
  A moth of wrath (Spider:2)
  17 elephants
  3 smoke demons (Lair:5)
  A rust devil (D:10)
  3 gargoyles
  2 molten gargoyles (Vaults:1)
  A guardian serpent (Desolation)
  2 ice statues (Spider:2)
  5 kobold blastminers (Orc:2)
  3 torpor snails
  2 naga magi (Vaults:1)
  Maggie (Lair:2)
  3 orange demons (D:10)
  A kobold demonologist (D:10)
  2 efreet
  14 cane toads
  10 komodo dragons
  5 yaktaurs (Vaults:1)
  A red devil (D:10)
  A queen bee (Spider:4)
  A polar bear (Lair:4)
  24 tarantellas
  4 trolls
  A hellwing (D:10)
  6 tyrant leeches
  24 blink frogs
  8 saltlings (Desolation)
  4 hornets
  6 dream sheep (Lair:2)
  2 raiju (Lair:5)
  A jumping spider (shapeshifter) (Elf:3)
  2 air elementals
  3 ynoxinuls
  2 spriggans (Swamp:1)
  27 jumping spiders
  31 culicivoras
  8 slime creatures
  2 wargs (Orc:1)
  65 yaks
  13 small abominations (Lair:5)
  A vampire (D:9)
  2 wraiths (D:11)
  A hog (shapeshifter) (Lair:5)
  6 wyverns
  2 fire elementals (D:14)
  6 basilisks
  9 vampire mosquitoes
  A chaos spawn (Lair:5)
  37 redbacks
  10 swamp worms
  2 spatial vortices (Vaults:1)
  An acid dragon (D:13)
  13 water moccasins
  29 orc warriors
  2 hell hounds (D:14)
  5 laughing skulls
  3 sky beasts
  4 swamp drakes
  3 ice beasts
  A black bear (D:8)
  3 ogres (Orc:1)
  8 boggarts
  9 wolves
  17 centaurs
  3 phantoms
  4 kobold brigands
  15 bullfrogs
  2 earth elementals
  A gnoll sergeant (D:10)
  2 scorpions (D:8)
  15 wights (D:9)
  30 killer bees
  5 electric eels
  4 howler monkeys
  A quasit (D:10)
  2 lava snakes (Vaults:1)
  11 jellies
  A bombardier beetle (D:7)
  6 hounds
  5 orc priests
  2 scrub nettles (Lair:3)
  3 iguanas
  Terence (D:2)
  2 sleepcaps
  8 orc wizards
  Ijyb (D:4)
  6 hell rats (Lair:4)
  7 adders
  14 gnolls
  A shadow imp (D:8)
  2 white imps
  2 ufetubi (D:6)
  4 ribbon worms
  2 dart slugs (D:1)
  37 orcs
  7 ball pythons
  10 endoplasms
  3 giant cockroaches
  14 goblins
  4 hobgoblins
  9 jackals
  3 quokkas
  10 bats
  3 frilled lizards
  19 kobolds
  5 rats
1216 creatures vanquished.

Vanquished Creatures (collateral kills)
  Rupert (D:13)
  2 deep elf blademasters (Elf:3)
  4 deep elf sorcerers (Elf:3)
  2 deep elf elementalists (Elf:3)
  4 ghouls
  A broodmother (Spider:4)
  A deep elf annihilator (Elf:3)
  An eleionoma (Swamp:4)
  3 deep elf death magi (Elf:3)
  A bunyip (Swamp:4)
  2 deep elf demonologists (Elf:3)
  A boulder beetle (D:13)
  6 hydras (Swamp:4)
  3 dancing weapons
  5 deep elf knights
  A pharaoh ant (Spider:3)
  A spriggan druid (Swamp:4)
  A goliath frog (Swamp:3)
  2 orb spiders
  2 swamp dragons (Swamp:4)
  5 deep elf zephyrmancers (Elf:1)
  4 bog bodies (Swamp:4)
  A wolf spider (Spider:3)
  3 deep elf pyromancers (Elf:1)
  2 tarantellas (Spider:1)
  A saltling (Desolation)
  A jumping spider (Spider:4)
  2 culicivoras
  A fire elemental (Elf:3)
  A redback (Spider:3)
  A vampire mosquito (Swamp:3)
  2 swamp worms
  4 swamp drakes (Swamp:4)
  3 orc warriors (Orc:2)
  A laughing skull (D:13)
  2 orcs (Orc:2)
  A spectral weapon (Swamp:4)
79 creatures vanquished.

Vanquished Creatures (others)
  Asterion (Vaults:1)
  An eldritch tentacle (Vaults:1)
  A deep elf high priest (Elf:3)
  A dancing weapon (Elf:3)
  A deep elf knight (Elf:2)
  4 deep elf zephyrmancers
  3 deep elf pyromancers (Elf:2)
  A tyrant leech (Swamp:4)
  A bloated husk (Swamp:3)
  3 jumping spiders
  An acid dragon (D:12)
  An orc warrior (Orc:2)
  2 centaurs (Orc:2)
  An orc wizard (D:5)
  2 orcs (Orc:2)
  14 foxfires (Swamp:3)
38 creatures vanquished.

Grand Total: 1333 creatures vanquished

Notes
Turn   | Place    | Note
-------+----------+-------------------------------------------
     0 | D:1      | lotum the Mountain Dwarf Warper began the quest for the
                  | Orb.
     0 | D:1      | Reached XP level 1. HP: 17/17 MP: 3/3
   208 | D:1      | Reached XP level 2. HP: 18/25 MP: 4/4
   710 | D:1      | Reached XP level 3. HP: 30/30 MP: 5/5
  1101 | D:2      | Found Pydiddut's Magic Scroll Shop.
  1106 | D:2      | Bought a scroll of identify for 26 gold pieces
  1113 | D:2      | Found a snail-covered altar of Cheibriados.
  1165 | D:2      | Noticed Terence
  1196 | D:2      | Killed Terence
  1197 | D:2      | Reached skill level 5 in Maces & Flails
  1197 | D:2      | Reached XP level 4. HP: 27/38 MP: 6/6
  1667 | D:2      | Reached XP level 5. HP: 41/46 MP: 7/7
  1933 | D:2      | Found a faded altar of an unknown god.
  2591 | D:3      | Found a broken altar of Ashenzari.
  2689 | D:3      | Identified the +0 chain mail of Hedge Wizardry {rF+ Dex+3}
  2991 | D:4      | Found a glowing golden altar of the Shining One.
  3005 | D:4      | Noticed a phantom
  3022 | D:4      | Killed a phantom
  3023 | D:4      | Reached XP level 6. HP: 53/53 MP: 8/8
  3028 | D:4      | Became a worshipper of the Shining One
  3258 | D:4      | Noticed a water moccasin
  3258 | D:4      | Noticed Ijyb
  3293 | D:4      | Killed a water moccasin
  3294 | D:4      | Reached skill level 5 in Fighting
  3306 | D:4      | Killed Ijyb
  3790 | D:5      | Entered Level 5 of the Dungeon
  3804 | D:5      | Noticed an ice beast
  3826 | D:5      | Reached XP level 7. HP: 53/61 MP: 9/9
  4389 | D:5      | Reached XP level 8. HP: 68/70 MP: 10/10
  4420 | D:5      | Found Ympowef's Weapon Emporium.
  4776 | D:6      | Found an opulent altar of Gozag.
  4788 | D:6      | HP: 2/70 [acid (9)]
  5113 | D:6      | Reached * piety under the Shining One
  5122 | D:6      | Reached skill level 5 in Armour
  6336 | D:7      | Found a white marble altar of Elyvilon.
  6437 | D:7      | Found a staircase to the Ecumenical Temple.
  6499 | D:7      | Reached skill level 10 in Maces & Flails
  6526 | Temple   | Entered the Ecumenical Temple
  6854 | D:7      | Noticed a slime creature
  6854 | D:7      | Noticed a slime creature
  6898 | D:6      | Reached XP level 9. HP: 51/79 MP: 11/11
  7892 | D:2      | Bought 2 scrolls of fear for 104 gold pieces
  7892 | D:2      | Bought a scroll of teleportation for 39 gold pieces
  7892 | D:2      | Bought a scroll of fog for 52 gold pieces
  7892 | D:2      | Bought a scroll of blinking for 97 gold pieces
  7892 | D:2      | Bought a scroll of noise for 13 gold pieces
  7892 | D:2      | Bought a scroll of vulnerability for 52 gold pieces
  7974 | D:7      | Learned a level 2 spell: Blink
  7999 | D:8      | Found Kathrel's Jewellery Emporium.
  8174 | D:8      | Found Elu Kuurunu's Jewellery Boutique.
  8435 | D:8      | Found a staircase to the Lair.
  8435 | D:8      | Noticed a komodo dragon
  8448 | D:8      | Killed a komodo dragon
  8726 | D:8      | Found Ikhesinn's Distillery.
  8732 | D:8      | Bought a potion of heal wounds for 50 gold pieces
  8732 | D:8      | Bought a potion of cancellation for 80 gold pieces
  8732 | D:8      | Bought a potion of might for 40 gold pieces
  8916 | D:8      | Found Zetop's Book Emporium.
  9155 | D:8      | Found Sesoash's Armour Shop.
  9389 | D:9      | Noticed an ice statue
  9399 | D:9      | Reached ** piety under the Shining One
  9412 | D:9      | Reached XP level 10. HP: 88/89 MP: 12/12
  9861 | D:9      | Found a snail-covered altar of Cheibriados.
  9925 | D:9      | Noticed a two-headed ogre
  9939 | D:9      | Killed a two-headed ogre
 10182 | D:9      | Found a basalt altar of Yredelemnul.
 10242 | D:9      | Reached *** piety under the Shining One
 10243 | D:9      | Reached skill level 10 in Fighting
 10498 | D:10     | Entered Level 10 of the Dungeon
 10500 | D:10     | Found a staircase to the Orcish Mines.
 10500 | D:10     | Found Jaih's Weapon Boutique.
 10766 | D:10     | Reached skill level 10 in Armour
 10766 | D:10     | Reached skill level 1 in Invocations
 11012 | D:10     | Noticed an orange demon
 11013 | D:10     | Noticed an orange demon
 11307 | D:10     | Reached skill level 5 in Invocations
 11362 | D:10     | Killed an orange demon
 11374 | D:10     | Paralysed by a hornet for 2 turns
 11699 | D:10     | Killed an orange demon
 11700 | D:10     | Reached XP level 11. HP: 99/99 MP: 14/16
 12546 | D:11     | Noticed a cyan ugly thing
 12560 | D:11     | Killed a cyan ugly thing
 12864 | D:11     | Reached **** piety under the Shining One
 13058 | D:11     | Found a portal to a secret trove of treasure.
 13223 | D:12     | Found Urphaoss's General Store.
 13249 | D:12     | Noticed a deep elf pyromancer
 13257 | D:12     | Killed a deep elf pyromancer
 13258 | D:12     | Reached skill level 10 in Invocations
 13369 | D:12     | Noticed a two-headed ogre
 13376 | D:12     | Killed a two-headed ogre
 13600 | D:12     | Noticed a deep elf pyromancer
 13606 | D:12     | Killed a deep elf pyromancer
 14184 | D:8      | Bought a +2 pair of gloves for 198 gold pieces
 14400 | Lair:1   | Entered Level 1 of the Lair of Beasts
 14763 | Lair:1   | Reached XP level 12. HP: 110/110 MP: 19/19
 15083 | Lair:1   | Reached skill level 5 in Dodging
 15206 | Lair:1   | Noticed Nergalle
 15218 | Lair:1   | Killed Nergalle
 15726 | Lair:2   | Noticed Maggie
 15737 | Lair:2   | Killed Maggie
 15822 | Lair:2   | Noticed a catoblepas
 16161 | Lair:2   | Found a hole to the Spider Nest.
 16414 | Lair:2   | Reached skill level 15 in Maces & Flails
 16414 | Lair:2   | You fall into a shaft and drop 2 floors!
 16486 | Lair:4   | Noticed a death yak
 16490 | Lair:4   | Noticed a death yak
 16493 | Lair:4   | Noticed a death yak
 16493 | Lair:4   | Noticed a death yak
 16512 | Lair:4   | Noticed a six-headed hydra
 16522 | Lair:4   | Killed a six-headed hydra
 16829 | Lair:4   | Reached XP level 13. HP: 50/118 MP: 10/20
 18150 | Lair:3   | Reached skill level 5 in Translocations
 18161 | Lair:3   | Noticed Sonja
 19167 | Lair:5   | Entered Level 5 of the Lair of Beasts
 19231 | Lair:4   | Learned a level 4 spell: Manifold Assault
 20415 | Lair:2   | Reached XP level 14. HP: 82/126 MP: 14/22
 21253 | Lair:3   | Killed Sonja
 21418 | Lair:3   | Found a staircase to the Swamp.
 22366 | Lair:5   | Found a staircase to the Slime Pits.
 23107 | Lair:5   | Reached skill level 10 in Translocations
 23208 | Lair:5   | Reached ***** piety under the Shining One
 23552 | Lair:5   | Reached skill level 5 in Spellcasting
 23594 | Lair:5   | Found a corrupted altar of Lugonu.
 23594 | Lair:5   | Found a one-way gate to the infinite horrors of the Abyss.
 24005 | Lair:5   | Learned a level 2 spell: Lesser Beckoning
 24176 | Orc:1    | Entered Level 1 of the Orcish Mines
 24201 | Orc:1    | Noticed Urug
 24222 | Orc:1    | Killed Urug
 24764 | Orc:2    | Entered Level 2 of the Orcish Mines
 24764 | Orc:2    | Found a staircase to the Elven Halls.
 24881 | Orc:2    | Found Vow Jeurhe's General Store.
 24894 | Orc:2    | Bought a potion of berserk rage for 75 gold pieces
 24894 | Orc:2    | Bought a potion of heal wounds for 75 gold pieces
 25290 | Orc:2    | Reached skill level 1 in Shields
 25712 | Orc:2    | Noticed an orc warlord
 25857 | Orc:2    | Killed an orc warlord
 25924 | Orc:2    | Reached XP level 15. HP: 61/135 MP: 17/24
 26602 | Orc:1    | Noticed Snorg
 26611 | Orc:1    | Killed Snorg
 26612 | Orc:1    | Reached skill level 5 in Shields
 26825 | Orc:2    | Found a roughly hewn altar of Beogh.
 27284 | Orc:2    | Found Qasegh's Armour Emporium.
 27284 | Orc:2    | Found Bablyit's Antique Armour Shop.
 27286 | Orc:2    | Found Otitsuorch's Antique Weapon Boutique.
 27288 | Orc:2    | Found Pagorex's Weapon Shoppe.
 27428 | D:8      | Bought a potion of resistance for 100 gold pieces
 27428 | D:8      | Bought a potion of might for 40 gold pieces
 27428 | D:8      | Bought a potion of haste for 100 gold pieces
 27428 | D:8      | Bought a potion of curing for 30 gold pieces
 27565 | D:2      | Bought a scroll of fog for 52 gold pieces
 27565 | D:2      | Bought a scroll of blinking for 97 gold pieces
 27565 | D:2      | Bought a scroll of teleportation for 39 gold pieces
 27568 | D:2      | Identified a scroll of acquirement
 27568 | D:2      | Acquired 510 gold pieces
 27819 | Spider:1 | Entered Level 1 of the Spider Nest
 28179 | D:8      | Bought a ring of poison resistance for 220 gold pieces
 29823 | Spider:1 | HP: 6/135 [demonic crawler (12)]
 29831 | Spider:1 | HP: 5/135 [demonic crawler (8)]
 30983 | Spider:2 | Noticed an emperor scorpion
 31015 | Spider:2 | Killed an emperor scorpion
 32665 | Spider:2 | Noticed Jorgrun
 32688 | Spider:2 | Killed Jorgrun
 32689 | Spider:2 | Reached skill level 15 in Invocations
 34043 | Spider:3 | Noticed Mlioglotl
 34048 | Spider:3 | Reached XP level 16. HP: 141/145 MP: 27/27
 34064 | Spider:3 | Killed Mlioglotl
 35305 | Spider:3 | Identified the +4 flail of the Teaching Gods {spect, +Blink
                  | rC+ SInv}
 35695 | Spider:4 | Entered Level 4 of the Spider Nest
 38374 | Spider:4 | Reached skill level 15 in Fighting
 38890 | Spider:4 | Got a gossamer rune of Zot
 39249 | Swamp:1  | Entered Level 1 of the Swamp
 40122 | Swamp:2  | Reached XP level 17. HP: 143/156 MP: 5/29
 40242 | Swamp:2  | Noticed Frances
 40261 | Swamp:2  | Killed Frances
 40262 | Swamp:2  | Reached skill level 15 in Armour
 42406 | Swamp:3  | Learned a level 4 spell: Passage of Golubria
 42407 | Swamp:4  | Entered Level 4 of the Swamp
 42434 | Swamp:4  | Noticed Okkeon's ghost (adept MfBe)
 42479 | Swamp:4  | Found a transporter.
 42717 | Swamp:4  | Found a transporter.
 43095 | Swamp:4  | Noticed Donald
 43716 | Swamp:4  | Killed Donald
 43717 | Swamp:4  | Reached skill level 10 in Shields
 44135 | Swamp:4  | Got a decaying rune of Zot
 44925 | D:13     | Noticed Rupert
 44941 | D:13     | Killed Rupert
 45189 | D:13     | Found a gate to the Vaults.
 45821 | D:13     | Learned a level 3 spell: Gell's Gravitas
 45823 | D:13     | Learned a level 1 spell: Apportation
 45827 | D:13     | Learned a level 3 spell: Teleport Other
 46191 | D:14     | Noticed Agnes
 46217 | D:14     | Killed Agnes
 46218 | D:14     | Reached XP level 18. HP: 74/163 MP: 31/31
 46856 | D:14     | Noticed Azrael
 46871 | D:14     | Killed Azrael
 47615 | Orc:2    | Bought the +9 scales of the Dragon King {rPois rF+ rC+
                  | Will+} for 1872 gold pieces
 47615 | Orc:2    | Found the +9 scales of the Dragon King {rPois rF+ rC+
                  | Will+}
 47653 | Elf:1    | Entered Level 1 of the Elven Halls
 47653 | Elf:1    | Noticed Louise
 47666 | Elf:1    | Killed Louise
 48252 | Elf:1    | Found a crumbling gateway.
 48275 | Desolati | Entered the Desolation of Salt
 48531 | Elf:1    | Paralysed by an air elemental for 1 turns
 48535 | Elf:1    | Paralysed by an air elemental for 1 turns
 48724 | Elf:1    | Got Dispater's Essays on Combat Magic and Convocation
 49363 | Elf:1    | Identified the +5 spear of Prudence {protect, rN++}
 49864 | Elf:2    | Found Biut's Armour Shoppe.
 50852 | Elf:2    | Reached skill level 15 in Shields
 51216 | Elf:2    | Found a huge runed translucent gate.
 51216 | Elf:2    | Found a huge runed translucent gate.
 51216 | Elf:2    | Found a huge runed translucent gate.
 51216 | Elf:2    | Found a huge runed translucent gate.
 51216 | Elf:2    | Found a huge runed translucent gate.
 51495 | Elf:2    | Paralysed by an air elemental for 1 turns
 52504 | Elf:2    | Reached XP level 19. HP: 91/170 MP: 30/33
 53023 | Elf:3    | Entered Level 3 of the Elven Halls
 53026 | Elf:3    | Paralysed by an air elemental for 1 turns
 53393 | Elf:3    | The Shining One protects you from harm!
 53826 | Elf:3    | Noticed a Brimstone Fiend
 54740 | Elf:3    | Identified the orb of Polish {*channel, Str+2 Earth}
 54740 | Elf:3    | Identified the amulet "Noxzafed" {Harm Rampage Regen+ Int+3
                  | Dex-4}
 54749 | Elf:3    | Identified the +9 glaive of the Scorching Moth {heavy,
                  | rPois}
 54749 | Elf:3    | Identified the +2 robe "Pejot" {Harm +Inv}
 54751 | Elf:3    | Noticed a Tzitzimitl
 54817 | Elf:3    | Identified the +5 dire flail "Dittisk" {elec, Will+ Str+3
                  | Int+3}
 55055 | Elf:3    | Identified the +6 orcbow of the Piercing Oracle {heavy,
                  | Will+}
 55057 | Elf:3    | Identified the staff "Hellblazer" {rC+ SInv Fire Ice}
 55069 | Elf:3    | Got the Grimoire of the Shadowy Rebis
 55507 | D:15     | Entered Level 15 of the Dungeon
 55664 | D:15     | Found a staircase to the Depths.
 55730 | D:15     | Noticed Hehag's ghost (journeyman MiBe)
 55733 | D:15     | Found a runed translucent door.
 56463 | D:15     | Got the Textbook on the Geologist
 56719 | D:15     | Killed Hehag's ghost
 56810 | Vaults:1 | Entered Level 1 of the Vaults
 57037 | Vaults:1 | Got the Enchiridion on the Salamander
 57511 | Vaults:1 | Reached XP level 20. HP: 14/180 MP: 23/34
 57884 | Vaults:1 | Identified the serpent talisman "Douh" {Str+2}
 57884 | Vaults:1 | Noticed Aizul
 57923 | Vaults:1 | Killed Aizul
 58148 | Vaults:1 | Paralysed by a formless jellyfish for 1 turns
 58614 | Vaults:1 | Noticed Asterion
 58625 | Vaults:1 | Gained mutation: You have hidden genetic defects. [a
                  | cacodemon]
 58646 | Vaults:1 | Killed Asterion
 59339 | Vaults:1 | Got Ivef's Quarto of Creation
 59829 | Vaults:1 | Noticed Zenata
 59831 | Vaults:1 | Identified the +3 robe of Narrow Contentment {+Inv rN+
                  | Will+ Slay-3}
 59831 | Vaults:1 | Noticed Boris
 59840 | Vaults:1 | Mangled by a +5 dire flail of draining

Illustrated notes

Levels and vault maps discovered:
D:1:      dpeg_arrival_castle, layout_loops_ring
D:2:      layout_loops_corners, shapermc_ecumenical_altar_venn, basic_altar,
          serial_shops, nicolae_shop_hallway_stairs, uniq_terence
D:3:      layout_rooms, ashenzari_altar_1, nicolae_underground_beach
D:4:      layout_basic, mainiacjoe_overflow_boulevard, uniq_ijyb
D:5:      layout_basic, serial_shops, shop, kennysheep_cluttered_room,
          grunt_decor_resistance
D:6:      layout_basic, old_standard_altar, serial_rivers,
          chequers_serial_rivers_micro_c, chequers_serial_rivers_small_a,
          chequers_serial_rivers_micro_d, chequers_serial_rivers_small_a,
          chequers_serial_rivers_room_b
D:7:      cheibrodos_fertilizer, layout_basic, elyvilon_altar_3,
          minmay_temple_entry_slanted, minmay_puff
D:8:      layout_cave_pods, grunt_lair_entry_orc_guard_hut, serial_shops,
          shop_coins, shop, shop_statue, shop, shop
D:9:      layout_loops_ring, kennysheep_mini, cheibrodos_worm_habitat,
          minivault_16
D:10:     layout_basic, orc_david_3, serial_demonic, serial_demonic_a,
          serial_demonic_a, serial_demonic_a, serial_demonic_c
D:11:     layout_rooms, enter_trove_6
D:12:     layout_loops_cross, serial_shops, shop, minmay_misc_feat_rows
D:13:     layout_big_octagon, erik_vaults_1, serial_column_ruins,
          column_ruins_hut_water, column_ruins_open_small,
          column_ruins_columns_straight, column_ruins_corridor_straight,
          column_ruins_corridor_straight, column_ruins_corridor_dead_end,
          column_ruins_columns_dead_end, column_ruins_grid_1, uniq_rupert
D:14:     layout_layer_cave, reono_crystal_passage, uniq_azrael, uniq_agnes
D:15:     grunt_enter_depths_hoard, layout_basic,
          chequers_serial_rivers_micro_a, hellmonk_ghost_happy_afterlife,
          serial_library_regret_index_headful
Temple:   minmay_temple_bridge_d
Lair:1:   layout_cave_pods, serial_bayou_shore_a, uniq_nergalle
Lair:2:   layout_misc_corridors, nicolae_spider_entry_orb_guardian,
          nicolae_lair_grazing_beasts [nicolae_sub_lair_graze_edge,
          nicolae_sub_lair_graze_edge, nicolae_sub_lair_graze_edge,
          nicolae_sub_lair_graze_edge], serial_bayou_shore_b, uniq_maggie
Lair:3:   layout_layer_cave, mainiacjoe_swamp_entry_lozenge_pond,
          chequers_serial_rivers_micro_a, serial_bayou_pond_b, evilmike_ambush
          [evilmike_ambush_outer_pillars, evilmike_ambush_inner_pond],
          grunt_megastairs_3, uniq_sonja
Lair:4:   layout_hall_layers
Lair:5:   hellmonk_lair_end_abyssal_woods, layout_loops_ring,
          nicolae_slime_entry_field_trip
Swamp:1:  layout_falls_marsh, evilmike_swamp_ruin_house_3
Swamp:2:  layout_basic_swamp, nicolae_swamp_round_clearing, swamp_pool_1_2,
          uniq_frances
Swamp:3:  layout_falls_marsh, hangedman_swamp_ruin_hall
Swamp:4:  swamp_basic_johnstein, layout_basic_swamp,
          gammafunk_ghost_abyssal_escape, swamp_pool_3, uniq_donald
Spider:1: layout_spider_delve
Spider:2: layout_chambers, portal_ice_cave_entry_ice_statue_two, uniq_jorgrun
Spider:3: layout_cave_pods, hangedman_spider_tarantella_strand, uniq_mlioglotl
Spider:4: guppyfry_spider_rune, special_room [special_room_bee]
Orc:1:    layout_caves, uniq_snorg, uniq_urug
Orc:2:    st_orc_rangers, layout_caves, serial_shops, shop_coins, basic_altar
Elf:1:    minmay_elf_arrival_plus, layout_loops_corners,
          portal_desolation_entry_nicolae_menacing_earthworks,
          minmay_elf_sorcery, uniq_louise
Elf:2:    elven_hall_of_blades_hangedman_alternative [nicolae_blade_bullseye],
          layout_geoelf_octagon, serial_shops, shop, minivault_16
Elf:3:    minmay_elf_hall_statues, layout_geoelf_octagon,
          minmay_misc_feat_diagonals
Vaults:1: nicolae_vaults_offset_grid_hallway_2, hangedman_vaults_slice,
          vaults_mumra_lcd, nicolae_vaults_theta, v_misc_30,
          nicolae_vaults_six-pack, nicolae_vaults_shipping_containers_7,
          nicolae_vaults_tangram_2, nicolae_vaults_frosty_reception,
          hangedman_vaults_restitches, nicolae_vaults_trapezoid_1,
          nicolae_vaults_trapezoid_2, layout_vaults_maze, serial_magic_research,
          hangedman_research_pyrotechnics, hangedman_research_electronics,
          hangedman_research_convocations, hangedman_research_quantum,
          uniq_boris, uniq_asterion, uniq_aizul, uniq_zenata

Skill      XL: |  1  2  3  4  5  6  7  8  9 10 11 12 13 14 15 16 17 18 19 20 |
---------------+-------------------------------------------------------------+-----
Maces & Flails | 3 5 7 8 10 12 13 15 16 17 18 | 18.0
Fighting       | 3 4 5 6 7 8 10 11 12 13 15 16 | 16.0
Armour         | 3 6 8 10 12 13 14 15 17 21 | 21.0
Dodging        | 2 4 5 6 8 9 |  9.0
Invocations    | 7 10 11 12 15 17 19 20 21 | 21.0
Spellcasting   | 3 5 |  5.0
Translocations | 7 10 11 | 11.0
Shields        | 3 8 11 15 | 15.0
Throwing       | |  0.7

Action                     |  1- 3 |  4- 6 |  7- 9 | 10-12 | 13-15 | 16-18 | 19-21 || total
---------------------------+-------+-------+-------+-------+-------+-------+-------++-------
  Melee: Mace              |   189 |   283 |   492 |       |       |       |       ||   964
         Dire flail        |       |       |       |   639 |   888 |       |       ||  1527
         Morningstar       |       |       |       |       |   916 |  2007 |    32 ||  2955
         Eveningstar       |       |       |       |       |       |       |   953 ||   953
  Throw: Dart              |       |       |       |       |     6 |       |       ||     6
         Throwing net      |       |       |       |       |     1 |       |       ||     1
   Cast: Manifold Assault  |       |       |       |       |   126 |   209 |    13 ||   348
         Blink             |       |       |       |       |       |     1 |       ||     1
         Teleport Other    |       |       |       |       |       |     1 |       ||     1
         Gell's Gravitas   |       |       |       |       |       |     1 |       ||     1
 Invoke: Cleansing Flame   |       |       |       |     5 |    14 |    26 |    20 ||    65
         Divine Shield     |       |       |       |     2 |    13 |     7 |     4 ||    26
         Summon Divine War |       |       |       |       |     2 |    10 |     5 ||    17
  Evoke: Wand              |       |       |     6 |     6 |    14 |     3 |     1 ||    30
    Use: Scroll            |     2 |     2 |     5 |     6 |    15 |     4 |    10 ||    44
         Potion            |       |     2 |     4 |     5 |     8 |    11 |     4 ||    34
 Armour: Scale mail        |   167 |   115 |       |       |       |       |       ||   282
         Chain mail        |       |   132 |   392 |   175 |       |       |       ||   699
         Skin              |       |    57 |    45 |       |       |       |       ||   102
         Plate armour      |       |       |       |   444 |  1734 |  1402 |       ||  3580
         Gold dragon scale |       |       |       |       |       |   403 |   756 ||  1159
  Dodge: Dodged            |   119 |   130 |   223 |   361 |   929 |   547 |   130 ||  2439
  Block: Other             |       |       |       |    18 |    41 |       |       ||    59
         Buckler           |       |       |       |       |   374 |   463 |       ||   837
         Kite shield       |       |       |       |       |       |   631 |  1103 ||  1734
         Reflection        |       |       |       |       |       |    95 |    64 ||   159

Table legend: (Time is in decaauts)
 A = Elapsed time spent in this place.
 B = Non-inter-level travel time spent in this place.
 C = Inter-level travel time spent in this place.
 D = Time resting spent in this place.
 E = Time spent auto-exploring this place.
 F = Levels seen in this place.
 G = Mean time per level.
                   A        B        C        D        E       F      G
               +--------+--------+--------+--------+--------+-----+--------+
         Total |  58719 |  53693 |   5026 |  10811 |  33314 |  36 | 1631.1 |
       Dungeon |  19768 |  17735 |   2033 |   2167 |  12524 |  15 | 1317.9 |
        Temple |      1 |      1 |      0 |      0 |      0 |   1 |    1.0 |
          Lair |   9960 |   8949 |   1011 |   2095 |   5237 |   5 | 1992.0 |
         Swamp |   5311 |   4965 |    346 |    400 |   3664 |   4 | 1327.8 |
   Spider Nest |  10592 |   9818 |    774 |   2545 |   5626 |   4 | 2648.0 |
  Orcish Mines |   2923 |   2698 |    225 |   1218 |    996 |   2 | 1461.5 |
   Elven Halls |   7548 |   6936 |    612 |   2041 |   3711 |   3 | 2516.0 |
        Vaults |   2593 |   2570 |     23 |    343 |   1556 |   1 | 2593.0 |
    Desolation |     20 |     20 |      0 |      0 |      0 |   1 |   20.0 |
               +--------+--------+--------+--------+--------+-----+--------+

Top non-repeatable levels by time:
Spider:3: 3584 daAuts
   Elf:2: 3418 daAuts
  Lair:4: 3218 daAuts
   Elf:1: 2648 daAuts
Vaults:1: 2593 daAuts
Spider:2: 2586 daAuts
Spider:1: 2556 daAuts
    D:10: 2160 daAuts
  Lair:5: 1986 daAuts
Spider:4: 1866 daAuts
 Swamp:4: 1826 daAuts
  Lair:2: 1720 daAuts
    D:14: 1661 daAuts
     D:8: 1604 daAuts
     D:7: 1569 daAuts
